 Dungeon Crawl Stone Soup version 0.26.1-11-gd32895ea62 (webtiles) character file.

Game seed: 11099352867686028063

142 Almogavar the Conjurer (level 5, -1/39 HPs)
             Began as a Draconian Conjurer on May 7, 2021.
             Slain by an ufetubus (3 damage)
             ... summoned by Eustachio
             ... on level 4 of the Dungeon.
             The game lasted 00:09:42 (4019 turns).

Almogavar the Conjurer (Draconian Conjurer)         Turns: 4019, Time: 00:09:43

Health: -1/39      AC:  5    Str:  9    XL:     5   Next: 4%
Magic:  1/9        EV: 12    Int: 19    God:
Gold:   146        SH:  0    Dex: 10    Spells: 6/9 levels left

rFire    . . .     SeeInvis .   a - +0 mace
rCold    + + .     Faith    .   (no shield)
rNeg     . . .     Spirit   .   (armour unavailable)
rPois    .         Reflect  .   (helmet restricted)
rElec    .         Harm     .   (no cloak)
rCorr    .         Rampage  .   (no gloves)
Will     .....                  (no boots)
Stlth    ++........             l - amulet of the acrobat
HPRegen  0.13/turn              h - ring of protection from cold
MPRegen  0.11/turn              k - ring of protection from cold

@: no status effects
A: unfitting armour, cold-blooded, AC +5
a: no special abilities


You were on level 4 of the Dungeon.
You visited 1 branch of the dungeon, and saw 4 of its levels.

You collected 146 gold pieces.

Inventory:

Hand Weapons
 a - a +0 mace (weapon)
Armour
 g - a +2 tower shield
Jewellery
 h - a ring of protection from cold (left hand)
 k - a ring of protection from cold (right hand)
 l - an amulet of the acrobat (around neck)
Scrolls
 c - 3 scrolls of remove curse
 d - 2 scrolls of fear
 f - 2 scrolls of fog
 i - a scroll of teleportation {unknown}
 m - a scroll of immolation {unknown}
 o - a scroll of enchant armour {unknown}
Potions
 b - a potion of flight
 e - a potion of curing
 j - a potion of brilliance {unknown}
 n - a potion of cancellation {unknown}
 p - 2 potions of magic {unknown}


   Skills:
 + Level 0.6 Fighting
 + Level 2.1 Dodging
 + Level 2.2 Stealth
 + Level 2.8 Spellcasting
 + Level 5.4 Conjurations


You had 6 spell levels left.
You knew the following spells:

 Your Spells              Type           Power        Failure   Level
a - Magic Dart            Conj           92%          1%          1
b - Searing Ray           Conj           46%          2%          2

Your spell library contained the following spells:

 Spells                   Type           Power        Failure   Level
 Dazzling Flash           Conj/Hex       26%          16%         3
 Fulminant Prism          Conj/Hex       6%           45%         4
 Iskenderun's Mystic Bla  Conj/Tloc      13%          45%         4


Dungeon Overview and Level Annotations

Branches:
Dungeon (4/15)
 Temple: D:4-7

Altars:

Annotations:
D:3 2 transporters
D:4 Eustachio


Innate Abilities, Weirdness & Mutations

Your plain brown scales are hard. (AC +5)
You cannot fit into any form of body armour.
You are cold-blooded and may be slowed by cold attacks.


Message History

* * * LOW HITPOINT WARNING * * *
You closely miss Eustachio.
Eustachio is almost dead.
The ufetubus barely misses you.
The ufetubus hits you but does no damage.
The river rat bites you.
* * * LOW HITPOINT WARNING * * *
The river rat closely misses you. The ufetubus hits you.
* * * LOW HITPOINT WARNING * * *
The ufetubus hits you but does no damage.
The crimson imp blinks!
Eustachio gestures wildly while chanting.
Eustachio blinks!
The river rat bites you.
* * * LOW HITPOINT WARNING * * *
The river rat bites you but does no damage.
You hit the bat but do no damage. The bat barely misses you.
The ufetubus barely misses you.
The ufetubus hits you but does no damage.
The ufetubus hits you.
You die...

#......<.#
#..###[..##
[........#
........###
...##...[..###
...............#
......##§5§..###
..@..) ##r5b.#
.....# #@5...#
.h....##rr#..#
.......#....##
.......#@..##
#.....## ###..##
#.## ###


You could see Eustachio, a crimson imp (summoned), 2 river rats, a white imp
(summoned), an ufetubus (summoned), a quokka (summoned) and a bat (summoned).

Vanquished Creatures
  A worker ant (D:4)
  A hound zombie (D:2)
  A white imp (D:3)
  An ufetubus (D:4)
  2 oozes
  3 dart slugs
  3 leopard geckos
  An orc (D:3)
  3 ball pythons
  6 bats
  2 giant cockroaches (D:3)
  11 goblins
  6 hobgoblins
  7 jackals
  11 kobolds
  4 frilled lizards
  A leopard gecko skeleton (D:2)
  8 rats
72 creatures vanquished.

Vanquished Creatures (others)
  5 plants (D:3)
5 creatures vanquished.

Grand Total: 77 creatures vanquished

Notes
Turn   | Place    | Note
-------+----------+-------------------------------------------
     0 | D:1      | Almogavar the Draconian Conjurer began the quest for the
                  | Orb.
     0 | D:1      | Reached XP level 1. HP: 14/14 MP: 3/3
   335 | D:1      | Reached XP level 2. HP: 20/20 MP: 3/5
   338 | D:1      | Learned a level 2 spell: Searing Ray
  1372 | D:2      | Reached XP level 3. HP: 26/26 MP: 3/6
  1719 | D:2      | Reached skill level 5 in Conjurations
  2124 | D:2      | Reached XP level 4. HP: 34/34 MP: 5/7
  2884 | D:3      | Found a transporter.
  3060 | D:3      | Found a faded altar of an unknown god.
  3373 | D:3      | Found a transporter.
  3379 | D:3      | Identified the +4 spear "Plojy" {venom, rF+}
  3832 | D:4      | Noticed an ogre
  3922 | D:4      | Reached XP level 5. HP: 39/39 MP: 3/9
  3987 | D:4      | Noticed Eustachio
  4019 | D:4      | Slain by an ufetubus

Illustrated notes

Levels and vault maps discovered:
D:1:      heliophobic_arrival_ceremonial_halls, layout_basic
D:2:      layout_basic, chequers_serial_rivers_micro_a
D:3:      layout_loops_cross, chequers_ecumenical_altar_twisty,
          gammafunk_ghost_gnarly_gnolls, kennysheep_flooded_box
D:4:      layout_cave_pools, lemuel_doored_altar,
          nicolae_dithmenos_through_a_glass_darkly, uniq_eustachio

Skill      XL: |  1  2  3 |
---------------+----------+-----
Conjurations   | 5 |  5.4
Stealth        | 2 |  2.2
Dodging        | 2 |  2.1
Fighting       | |  0.6
Spellcasting   | |  2.8

Action                   |  1- 3 |  4- 6 || total
-------------------------+-------+-------++-------
Melee: Mace              |    12 |    22 ||    34
       Tailslap          |     1 |     1 ||     2
 Cast: Magic Dart        |    84 |    65 ||   149
       Searing Ray       |       |     2 ||     2
  Use: Scroll            |     3 |     2 ||     5
Armor: Skin              |    10 |    16 ||    26
Dodge: Dodged            |    17 |    52 ||    69
